Sharks vs Kings

Created - November 24 2011 at 17:46

Goals
1 2 3 OT1 SO T
Sharks 2 0 0 0 0 2
Kings 2 0 0 0 1 3
Shots
1 2 3 OT1 SO T
Sharks 11 5 12 1 3 29
Kings 14 12 13 2 3 41

Period #1

1. Sharks , Tyler Ennis 8 (Jeff Skinner, Alex Tanguay) at 8:47
2. Kings , Craig Adams 2 (Magnus Paajarvi, Joe Corvo) at 12:11
3. Sharks , Johnny Boychuk 3 (Jeff Skinner, Tyler Ennis) at 13:20 (PP)
4. Kings , Jamie McBain 3 (Michael Frolik, Jason Arnott) at 14:32

Penalties :
Mark Stuart (SJS) for Hooking (Minor) at 4:17, Marek Zidlicky (SJS) for Boarding (Minor) at 9:27, Bryan Allen (LOS) for Cross-checking (Minor) at 12:22, Matt Niskanen (LOS) for Slashing (Minor) at 19:55

Period #2

No Goal

Penalties :
Brian Rolston (LOS) for Hooking (Minor) at 4:13, Anthony Stewart (SJS) for Hooking (Minor) at 6:15, Jarret Stoll (SJS) for Hooking (Minor) at 7:43, Shane Doan (SJS) for Tripping (Minor) at 9:54, Johnny Boychuk (SJS) for Hooking (Minor) at 12:47, Bryan Allen (LOS) for Roughing (Minor) at 17:48

Period #3

No Goal

Penalties :
Jamie McBain (LOS) for Interference (Minor) at 5:00, Joe Corvo (LOS) for Holding (Minor) at 10:13, Jeff Skinner (SJS) for High sticking (Minor) at 14:31

Overtime #1

No Goal

Penalties :
No Penalty

Shootout

Penalty Shot by Jeff Skinner for Sharks - Stopped by Nikolai Khabibulin
Penalty Shot by Matt Duchene for Kings - Shot Misses the Net
Penalty Shot by Shane Doan for Sharks - Shot Misses the Net
Penalty Shot by Brian Rolston for Kings - Stopped by Martin Brodeur
Penalty Shot by Blake Comeau for Sharks - Stopped by Nikolai Khabibulin
Penalty Shot by Jason Arnott for Kings - Goal!

Penalties :
No Penalty

Goalie Stats

Martin Brodeur (SJS), 39 saves from 41 shots - (0.951), OTL, 8-10-4, 65:00 minutes
Nikolai Khabibulin (LOS), 27 saves from 29 shots - (0.931), W, 6-8-1, 65:00 minutes

Players Stats

Sharks
Player Name              G  A  P  +/- PIM S  H  SB FO    MP 
------------------------------------------------------------
Alex Tanguay             0  1  1  -1  0   4  0  0  1/2   22 
Anthony Stewart          0  0  0   0  2   3  1  0  0/0   7  
Blake Comeau             0  0  0   0  0   1  0  0  1/1   16 
Bryan McCabe             0  0  0   0  0   0  0  1  0/0   22 
David Moss               0  0  0   0  0   0  1  0  4/9   17 
Eric Belanger            0  0  0   0  0   1  0  0  12/19 13 
Francois Beauchemin      0  0  0  -1  0   0  2  2  0/0   27 
Jarret Stoll             0  0  0   0  2   2  3  0  17/29 21 
Jeff Skinner             0  2  2  -1  2   4  3  0  5/25  23 
Johnny Boychuk           1  0  1   0  2   4  2  2  0/0   26 
Lauri Korpikoski         0  0  0   0  0   1  1  1  0/2   13 
Marek Zidlicky           0  0  0   0  2   1  1  0  0/0   25 
Mark Stuart              0  0  0   0  2   0  1  1  0/0   13 
Pierre-Alexandre Parente 0  0  0   0  0   0  0  0  0/1   9  
Shane Doan               0  0  0   0  2   7  1  0  1/4   17 
Shane OBrien             0  0  0  -1  0   0  0  0  0/0   14 
Tyler Ennis              1  1  2  -1  0   1  1  0  0/4   21 
Vladimir Sobotka         0  0  0   0  0   0  0  0  0/0   0  
Kings
Player Name              G  A  P  +/- PIM S  H  SB FO    MP 
------------------------------------------------------------
Blair Jones              0  0  0   0  0   4  1  0  11/17 15 
Brian Rolston            0  0  0   0  2   1  2  0  0/1   21 
Bryan Allen              0  0  0   0  4   1  2  0  0/0   20 
Craig Adams              1  0  1   1  0   1  0  0  0/0   6  
Evgeny Dadonov           0  0  0   0  0   5  1  0  0/0   12 
Jack Hillen              0  0  0   0  0   0  0  0  0/0   17 
Jamie McBain             1  0  1   0  2   2  0  0  0/0   23 
Jason Arnott             0  1  1   0  0   3  1  0  15/28 23 
Joe Corvo                0  1  1   1  2   8  0  1  0/0   26 
Jonathon Blum            0  0  0   0  0   0  0  0  0/0   12 
Magnus Paajarvi          0  1  1   1  0   1  0  0  3/5   8  
Matt Duchene             0  0  0   1  0   3  1  0  21/39 26 
Matt Niskanen            0  0  0   1  2   0  0  0  0/0   6  
Michael Frolik           0  1  1   0  0   2  1  0  2/2   17 
Mike Lundin              0  0  0   0  0   3  2  1  0/0   24 
Sean Bergenheim          0  0  0   0  0   2  2  1  0/0   20 
Sergei Samsonov          0  0  0   0  0   3  0  0  2/3   22 
Wojtek Wolski            0  0  0   0  0   2  0  0  1/1   11 

3 Stars

1 - Martin Brodeur (SJS)
2 - Tyler Ennis (SJS)
3 - Craig Adams (LOS)

Power Play

Sharks - 1 on 6 Attempt(s) - 16.67%
Kings - 0 on 7 Attempt(s) - 0.00%

Penalty Kill

Sharks - 7 on 7 Attempt(s) - 100.00% - Score 0 goal in Penalty Kill
Kings - 5 on 6 Attempt(s) - 83.33% - Score 0 goal in Penalty Kill

Game Notes

No Game Note

Finance

Level 1 -- Attendance: 6500 (100.00%) -- Ticket Income $520,000.00
Level 2 -- Attendance: 4274 (85.48%) -- Ticket Income $213,700.00
Level 3 -- Attendance: 2556 (73.03%) -- Ticket Income $89,460.00
Level 4 -- Attendance: 2118 (100.00%) -- Ticket Income $42,360.00
Luxury Box -- Attendance: 667 (66.70%) -- Ticket Income $133,400.00
Game was played at the Staples Center
Total Attendance: 16115 (88.94%)
Total Ticket Income: $1,081,442.00
Other Income: $184,298.70
Total Income: $1,265,741.00


Play by Play

Period #1

0:01 of 1st period - Matt Duchene wins face-off versus Jeff Skinner in neutral zone.
0:32 of 1st period - Shot by Matt Duchene.
0:32 of 1st period - Stopped by Martin Brodeur with a rebound.
0:36 of 1st period - Shot by Brian Rolston.
0:36 of 1st period - Shot Misses the Net.
0:38 of 1st period - Shot by Bryan Allen.
0:38 of 1st period - Stopped by Martin Brodeur without a rebound.
0:39 of 1st period - Jason Arnott wins face-off versus Jarret Stoll in Sharks zone.
0:42 of 1st period - Shot by Michael Frolik.
0:42 of 1st period - Deflect By Sean Bergenheim.
0:42 of 1st period - Stopped by Martin Brodeur with a rebound.
1:39 of 1st period - Icing by Jonathon Blum.
1:40 of 1st period - Wojtek Wolski wins face-off versus Jeff Skinner in Kings zone.
1:52 of 1st period - Icing by Francois Beauchemin.
1:53 of 1st period - Matt Duchene wins face-off versus Jeff Skinner in Sharks zone.
2:33 of 1st period - Shot by Sergei Samsonov.
2:33 of 1st period - Stopped by Martin Brodeur without a rebound.
2:34 of 1st period - Blair Jones wins face-off versus Lauri Korpikoski in Sharks zone.
2:52 of 1st period - Marek Zidlicky is hit by Evgeny Dadonov and loses puck.
3:54 of 1st period - Shot by Eric Belanger.
3:54 of 1st period - Shot Misses the Net.
4:17 of 1st period - Minor Penalty to Mark Stuart for Hooking.
4:18 of 1st period - Matt Duchene wins face-off versus Eric Belanger in Sharks zone.
4:28 of 1st period - Icing by Matt Duchene.
4:29 of 1st period - Jeff Skinner wins face-off versus Matt Duchene in Kings zone.
4:52 of 1st period - Icing by Sergei Samsonov.
4:53 of 1st period - Eric Belanger wins face-off versus Matt Duchene in Kings zone.
5:02 of 1st period - Shot by Lauri Korpikoski.
5:02 of 1st period - Shot Misses the Net.
5:07 of 1st period - Shot by Lauri Korpikoski.
5:07 of 1st period - Shot Misses the Net.
5:09 of 1st period - Shot by Lauri Korpikoski.
5:09 of 1st period - Stopped by Nikolai Khabibulin without a rebound.
5:10 of 1st period - Jason Arnott wins face-off versus Jarret Stoll in Kings zone.
5:21 of 1st period - David Moss is hit by Sean Bergenheim.
5:59 of 1st period - Shot by Joe Corvo.
5:59 of 1st period - Stopped by Martin Brodeur without a rebound.
6:00 of 1st period - Jarret Stoll wins face-off versus Matt Duchene in Sharks zone.
6:45 of 1st period - Shot by Alex Tanguay.
6:45 of 1st period - Stopped by Nikolai Khabibulin with a rebound.
8:24 of 1st period - Icing by Michael Frolik.
8:25 of 1st period - Jason Arnott wins face-off versus Jeff Skinner in Kings zone.
8:25 of 1st period - Jason Arnott is hit by Jeff Skinner.
8:47 of 1st period - Shot by Tyler Ennis.
8:47 of 1st period - Goal by Tyler Ennis - Sharks : 1 - Kings : 0.
8:48 of 1st period - Blair Jones wins face-off versus David Moss in neutral zone.
9:21 of 1st period - Shot by Evgeny Dadonov.
9:21 of 1st period - Shot Misses the Net.
9:25 of 1st period - Shot by Jonathon Blum.
9:25 of 1st period - Shot Hit the Post.
9:27 of 1st period - Shot by Blair Jones.
9:27 of 1st period - Stopped by Martin Brodeur without a rebound.
9:27 of 1st period - Minor Penalty to Marek Zidlicky for Boarding.
9:28 of 1st period - Eric Belanger wins face-off versus Matt Duchene in Sharks zone.
10:41 of 1st period - Shot by Jamie McBain.
10:41 of 1st period - Stopped by Martin Brodeur without a rebound.
10:42 of 1st period - Jason Arnott wins face-off versus Jarret Stoll in Sharks zone.
11:50 of 1st period - Shot by Wojtek Wolski.
11:50 of 1st period - Shot Misses the Net.
11:52 of 1st period - Shot by Wojtek Wolski.
11:52 of 1st period - Deflect By Evgeny Dadonov.
11:52 of 1st period - Stopped by Martin Brodeur without a rebound.
11:53 of 1st period - Jeff Skinner wins face-off versus Magnus Paajarvi in Sharks zone.
12:11 of 1st period - Shot by Magnus Paajarvi.
12:11 of 1st period - Deflect By Craig Adams.
12:11 of 1st period - Goal by Craig Adams - Sharks : 1 - Kings : 1.
12:12 of 1st period - Eric Belanger wins face-off versus Matt Duchene in neutral zone.
12:12 of 1st period - Pierre-Alexandre Parenteau is hit by Matt Duchene and loses puck.
12:16 of 1st period - Mark Stuart is hit by Bryan Allen and loses puck.
12:22 of 1st period - Minor Penalty to Bryan Allen for Cross-checking.
12:23 of 1st period - Jarret Stoll wins face-off versus Matt Duchene in Kings zone.
12:36 of 1st period - Shot by Shane Doan.
12:36 of 1st period - Stopped by Nikolai Khabibulin without a rebound.
12:37 of 1st period - Jeff Skinner wins face-off versus Jason Arnott in Kings zone.
12:42 of 1st period - Shot by Jeff Skinner.
12:42 of 1st period - Shot Misses the Net.
12:44 of 1st period - Shot by Jeff Skinner.
12:44 of 1st period - Stopped by Nikolai Khabibulin without a rebound.
12:45 of 1st period - Matt Duchene wins face-off versus Jeff Skinner in Kings zone.
12:54 of 1st period - Shot by Jeff Skinner.
12:54 of 1st period - Stopped by Nikolai Khabibulin without a rebound.
12:55 of 1st period - Jarret Stoll wins face-off versus Jason Arnott in Kings zone.
13:04 of 1st period - Shot by Shane Doan.
13:04 of 1st period - Stopped by Nikolai Khabibulin with a rebound.
13:08 of 1st period - Shot by Shane Doan.
13:08 of 1st period - Stopped by Nikolai Khabibulin without a rebound.
13:09 of 1st period - Matt Duchene wins face-off versus Jeff Skinner in Kings zone.
13:18 of 1st period - Shot by Jeff Skinner.
13:18 of 1st period - Shot Misses the Net.
13:20 of 1st period - Shot by Johnny Boychuk.
13:20 of 1st period - Goal by Johnny Boychuk - Sharks : 2 - Kings : 1.
13:21 of 1st period - David Moss wins face-off versus Blair Jones in neutral zone.
13:23 of 1st period - Off-side.
13:24 of 1st period - David Moss wins face-off versus Blair Jones in neutral zone.
13:27 of 1st period - Jonathon Blum is hit by Lauri Korpikoski and loses puck.
14:01 of 1st period - Blair Jones is hit by Marek Zidlicky and loses puck.
14:30 of 1st period - Shot by Michael Frolik.
14:30 of 1st period - Stopped by Martin Brodeur with a rebound.
14:32 of 1st period - Shot by Jamie McBain.
14:32 of 1st period - Goal by Jamie McBain - Sharks : 2 - Kings : 2.
14:33 of 1st period - Matt Duchene wins face-off versus David Moss in neutral zone.
14:33 of 1st period - Matt Duchene is hit by David Moss.
14:39 of 1st period - Shot by Sergei Samsonov.
14:39 of 1st period - Shot Misses the Net.
14:41 of 1st period - Shot by Matt Duchene.
14:41 of 1st period - Deflect By Sergei Samsonov.
14:41 of 1st period - Stopped by Martin Brodeur without a rebound.
14:42 of 1st period - Magnus Paajarvi wins face-off versus Jeff Skinner in Sharks zone.
14:46 of 1st period - Matt Duchene is hit by Johnny Boychuk and loses puck.
14:51 of 1st period - Shot by Magnus Paajarvi.
14:51 of 1st period - Stopped by Martin Brodeur with a rebound.
14:55 of 1st period - Shot by Matt Duchene.
14:55 of 1st period - Shot Misses the Net.
15:40 of 1st period - Jason Arnott is hit by Francois Beauchemin and loses puck.
16:02 of 1st period - Shot by Blake Comeau.
16:02 of 1st period - Stopped by Nikolai Khabibulin with a rebound.
16:06 of 1st period - Shot by Jarret Stoll.
16:06 of 1st period - Stopped by Nikolai Khabibulin without a rebound.
16:07 of 1st period - Eric Belanger wins face-off versus Blair Jones in Kings zone.
16:32 of 1st period - Shot by Pierre-Alexandre Parenteau.
16:32 of 1st period - Shot Misses the Net.
17:05 of 1st period - Off-side.
17:06 of 1st period - Jason Arnott wins face-off versus Jarret Stoll in neutral zone.
18:16 of 1st period - Icing by Bryan Allen.
18:17 of 1st period - Eric Belanger wins face-off versus Matt Duchene in Kings zone.
18:31 of 1st period - Icing by Bryan Allen.
18:32 of 1st period - David Moss wins face-off versus Matt Duchene in Kings zone.
18:35 of 1st period - Shot by Lauri Korpikoski.
18:35 of 1st period - Shot Misses the Net.
19:00 of 1st period - Icing by Marek Zidlicky.
19:01 of 1st period - Blair Jones wins face-off versus David Moss in Sharks zone.
19:16 of 1st period - Shot by Wojtek Wolski.
19:16 of 1st period - Stopped by Martin Brodeur without a rebound.
19:17 of 1st period - Magnus Paajarvi wins face-off versus Jeff Skinner in Sharks zone.
19:34 of 1st period - Joe Corvo is hit by Francois Beauchemin.
19:55 of 1st period - Minor Penalty to Matt Niskanen for Slashing.
19:56 of 1st period - Jarret Stoll wins face-off versus Jason Arnott in Kings zone.

Period #2

0:01 of 2nd period - Matt Duchene wins face-off versus Jeff Skinner in neutral zone.
0:30 of 2nd period - Icing by Johnny Boychuk.
0:31 of 2nd period - Matt Duchene wins face-off versus Jeff Skinner in Sharks zone.
0:42 of 2nd period - Shot by Johnny Boychuk.
0:42 of 2nd period - Stopped by Nikolai Khabibulin without a rebound.
0:43 of 2nd period - Jarret Stoll wins face-off versus Matt Duchene in Kings zone.
1:05 of 2nd period - Icing by Bryan McCabe.
1:06 of 2nd period - Matt Duchene wins face-off versus Shane Doan in Sharks zone.
1:18 of 2nd period - Icing by Marek Zidlicky.
1:19 of 2nd period - Matt Duchene wins face-off versus Jarret Stoll in Sharks zone.
2:12 of 2nd period - Shot by Wojtek Wolski.
2:12 of 2nd period - Stopped by Martin Brodeur without a rebound.
2:13 of 2nd period - Jason Arnott wins face-off versus David Moss in Sharks zone.
2:54 of 2nd period - Shot by Michael Frolik.
2:54 of 2nd period - Shot Blocked by Francois Beauchemin.
3:12 of 2nd period - Shot by Jeff Skinner.
3:12 of 2nd period - Shot Misses the Net.
4:13 of 2nd period - Minor Penalty to Brian Rolston for Hooking.
4:14 of 2nd period - Blake Comeau wins face-off versus Matt Duchene in Kings zone.
4:17 of 2nd period - Shot by Jarret Stoll.
4:17 of 2nd period - Stopped by Nikolai Khabibulin with a rebound.
4:19 of 2nd period - Shot by Shane Doan.
4:19 of 2nd period - Stopped by Nikolai Khabibulin with a rebound.
4:21 of 2nd period - Shot by Marek Zidlicky.
4:21 of 2nd period - Stopped by Nikolai Khabibulin without a rebound.
4:22 of 2nd period - Jarret Stoll wins face-off versus Jason Arnott in Kings zone.
6:15 of 2nd period - Minor Penalty to Anthony Stewart for Hooking.
6:16 of 2nd period - Michael Frolik wins face-off versus Eric Belanger in Sharks zone.
7:14 of 2nd period - Shot by Brian Rolston.
7:14 of 2nd period - Shot Misses the Net.
7:18 of 2nd period - Shot by Joe Corvo.
7:18 of 2nd period - Stopped by Martin Brodeur without a rebound.
7:19 of 2nd period - Jarret Stoll wins face-off versus Jason Arnott in Sharks zone.
7:34 of 2nd period - Shot by Sean Bergenheim.
7:34 of 2nd period - Shot Blocked by Mark Stuart.
7:36 of 2nd period - Shot by Blair Jones.
7:36 of 2nd period - Stopped by Martin Brodeur without a rebound.
7:37 of 2nd period - Jarret Stoll wins face-off versus Jason Arnott in Sharks zone.
7:43 of 2nd period - Minor Penalty to Jarret Stoll for Hooking.
7:44 of 2nd period - Eric Belanger wins face-off versus Matt Duchene in Sharks zone.
8:04 of 2nd period - Icing by Joe Corvo.
8:05 of 2nd period - Eric Belanger wins face-off versus Matt Duchene in Kings zone.
9:05 of 2nd period - Shot by Evgeny Dadonov.
9:05 of 2nd period - Stopped by Martin Brodeur without a rebound.
9:06 of 2nd period - Matt Duchene wins face-off versus Eric Belanger in Sharks zone.
9:07 of 2nd period - Shot by Joe Corvo.
9:07 of 2nd period - Stopped by Martin Brodeur without a rebound.
9:08 of 2nd period - Eric Belanger wins face-off versus Sergei Samsonov in Sharks zone.
9:33 of 2nd period - Shot by Joe Corvo.
9:33 of 2nd period - Stopped by Martin Brodeur without a rebound.
9:34 of 2nd period - Jason Arnott wins face-off versus Lauri Korpikoski in Sharks zone.
9:54 of 2nd period - Minor Penalty to Shane Doan for Tripping.
9:55 of 2nd period - Eric Belanger wins face-off versus Jason Arnott in Sharks zone.
9:55 of 2nd period - Eric Belanger is hit by Sean Bergenheim.
10:13 of 2nd period - Shot by Mike Lundin.
10:13 of 2nd period - Stopped by Martin Brodeur with a rebound.
10:15 of 2nd period - Shot by Mike Lundin.
10:15 of 2nd period - Shot Misses the Net.
10:17 of 2nd period - Shot by Jamie McBain.
10:17 of 2nd period - Shot Blocked by Lauri Korpikoski.
10:21 of 2nd period - Shot by Jamie McBain.
10:21 of 2nd period - Shot Blocked by Francois Beauchemin.
10:23 of 2nd period - Shot by Jason Arnott.
10:23 of 2nd period - Stopped by Martin Brodeur without a rebound.
10:24 of 2nd period - Jarret Stoll wins face-off versus Matt Duchene in Sharks zone.
10:37 of 2nd period - Jarret Stoll is hit by Brian Rolston and loses puck.
12:00 of 2nd period - Shot by Wojtek Wolski.
12:00 of 2nd period - Shot Misses the Net.
12:02 of 2nd period - Shot by Blair Jones.
12:02 of 2nd period - Stopped by Martin Brodeur without a rebound.
12:03 of 2nd period - Blair Jones wins face-off versus Shane Doan in Sharks zone.
12:47 of 2nd period - Minor Penalty to Johnny Boychuk for Hooking.
12:48 of 2nd period - Matt Duchene wins face-off versus Eric Belanger in Sharks zone.
12:55 of 2nd period - Shot by Joe Corvo.
12:55 of 2nd period - Stopped by Martin Brodeur without a rebound.
12:56 of 2nd period - Jason Arnott wins face-off versus Eric Belanger in Sharks zone.
13:46 of 2nd period - Shot by Matt Duchene.
13:46 of 2nd period - Stopped by Martin Brodeur without a rebound.
13:47 of 2nd period - Eric Belanger wins face-off versus Matt Duchene in Sharks zone.
14:26 of 2nd period - Mike Lundin is hit by Jarret Stoll.
14:46 of 2nd period - Shot by Eric Belanger.
14:46 of 2nd period - Stopped by Nikolai Khabibulin without a rebound.
14:47 of 2nd period - Blair Jones wins face-off versus Tyler Ennis in Kings zone.
14:54 of 2nd period - Shot by Wojtek Wolski.
14:54 of 2nd period - Shot Blocked by Johnny Boychuk.
14:56 of 2nd period - Shot by Blair Jones.
14:56 of 2nd period - Stopped by Martin Brodeur without a rebound.
14:57 of 2nd period - Blair Jones wins face-off versus Tyler Ennis in Sharks zone.
17:48 of 2nd period - Minor Penalty to Bryan Allen for Roughing.
17:49 of 2nd period - Sergei Samsonov wins face-off versus Jeff Skinner in Kings zone.
17:49 of 2nd period - Sergei Samsonov is hit by Jeff Skinner.
18:00 of 2nd period - Icing by Jeff Skinner.
18:01 of 2nd period - Blair Jones wins face-off versus Jeff Skinner in Sharks zone.
18:34 of 2nd period - Mike Lundin is hit by Jarret Stoll and loses puck.
18:51 of 2nd period - Shot by Bryan McCabe.
18:51 of 2nd period - Shot Misses the Net.
19:08 of 2nd period - Icing by Francois Beauchemin.
19:09 of 2nd period - Jeff Skinner wins face-off versus Jason Arnott in Sharks zone.
19:26 of 2nd period - Icing by Johnny Boychuk.
19:27 of 2nd period - Matt Duchene wins face-off versus Jeff Skinner in Sharks zone.

Period #3

0:01 of 3rd period - Matt Duchene wins face-off versus Jeff Skinner in neutral zone.
0:18 of 3rd period - Jeff Skinner is hit by Bryan Allen and loses puck.
0:31 of 3rd period - Shot by Alex Tanguay.
0:31 of 3rd period - Stopped by Nikolai Khabibulin with a rebound.
0:33 of 3rd period - Shot by Johnny Boychuk.
0:33 of 3rd period - Stopped by Nikolai Khabibulin without a rebound.
0:34 of 3rd period - Michael Frolik wins face-off versus Jarret Stoll in Kings zone.
0:43 of 3rd period - Shot by Blake Comeau.
0:43 of 3rd period - Shot Blocked by Sean Bergenheim.
0:47 of 3rd period - Shot by Shane Doan.
0:47 of 3rd period - Shot Misses the Net.
0:50 of 3rd period - Shane Doan is hit by Mike Lundin and loses puck.
1:09 of 3rd period - Jarret Stoll is hit by Michael Frolik and loses puck.
2:08 of 3rd period - Shot by Alex Tanguay.
2:08 of 3rd period - Stopped by Nikolai Khabibulin with a rebound.
2:10 of 3rd period - Shot by Johnny Boychuk.
2:10 of 3rd period - Stopped by Nikolai Khabibulin without a rebound.
2:11 of 3rd period - David Moss wins face-off versus Blair Jones in Kings zone.
2:18 of 3rd period - Shot by Anthony Stewart.
2:18 of 3rd period - Stopped by Nikolai Khabibulin with a rebound.
3:16 of 3rd period - Shot by Matt Duchene.
3:16 of 3rd period - Shot Misses the Net.
3:30 of 3rd period - Alex Tanguay is hit by Brian Rolston and loses puck.
3:57 of 3rd period - Shot by Shane Doan.
3:57 of 3rd period - Stopped by Nikolai Khabibulin without a rebound.
3:58 of 3rd period - Jarret Stoll wins face-off versus Magnus Paajarvi in Kings zone.
5:00 of 3rd period - Minor Penalty to Jamie McBain for Interference.
5:01 of 3rd period - Alex Tanguay wins face-off versus Jason Arnott in Kings zone.
5:10 of 3rd period - Shot by Alex Tanguay.
5:10 of 3rd period - Stopped by Nikolai Khabibulin without a rebound.
5:11 of 3rd period - Jason Arnott wins face-off versus Jeff Skinner in Kings zone.
6:23 of 3rd period - Brian Rolston is hit by Jarret Stoll and loses puck.
6:58 of 3rd period - Shot by Francois Beauchemin.
6:58 of 3rd period - Shot Misses the Net.
7:02 of 3rd period - Shot by Anthony Stewart.
7:02 of 3rd period - Stopped by Nikolai Khabibulin without a rebound.
7:03 of 3rd period - Blair Jones wins face-off versus David Moss in Kings zone.
7:14 of 3rd period - Shot by Blair Jones.
7:14 of 3rd period - Deflect By Evgeny Dadonov.
7:14 of 3rd period - Shot Misses the Net.
7:23 of 3rd period - Off-side.
7:24 of 3rd period - Magnus Paajarvi wins face-off versus Eric Belanger in neutral zone.
8:27 of 3rd period - Shot by Jason Arnott.
8:27 of 3rd period - Stopped by Martin Brodeur without a rebound.
8:28 of 3rd period - Blair Jones wins face-off versus Alex Tanguay in Sharks zone.
8:29 of 3rd period - Shot by Evgeny Dadonov.
8:29 of 3rd period - Stopped by Martin Brodeur without a rebound.
8:30 of 3rd period - Blair Jones wins face-off versus Jeff Skinner in Sharks zone.
8:35 of 3rd period - Shot by Evgeny Dadonov.
8:35 of 3rd period - Stopped by Martin Brodeur without a rebound.
8:36 of 3rd period - Blair Jones wins face-off versus Jeff Skinner in Sharks zone.
8:40 of 3rd period - Icing by Francois Beauchemin.
8:41 of 3rd period - Jeff Skinner wins face-off versus Jason Arnott in Sharks zone.
8:41 of 3rd period - Jeff Skinner is hit by Jason Arnott.
9:34 of 3rd period - Jonathon Blum is hit by Anthony Stewart and loses puck.
9:43 of 3rd period - Shot by Lauri Korpikoski.
9:43 of 3rd period - Deflect By Anthony Stewart.
9:43 of 3rd period - Stopped by Nikolai Khabibulin without a rebound.
9:44 of 3rd period - Jarret Stoll wins face-off versus Brian Rolston in Kings zone.
9:57 of 3rd period - Sergei Samsonov is hit by Shane Doan and loses puck.
10:13 of 3rd period - Minor Penalty to Joe Corvo for Holding.
10:14 of 3rd period - Matt Duchene wins face-off versus Jeff Skinner in Kings zone.
10:39 of 3rd period - Shot by Jeff Skinner.
10:39 of 3rd period - Shot Blocked by Mike Lundin.
10:41 of 3rd period - Shot by Jeff Skinner.
10:41 of 3rd period - Stopped by Nikolai Khabibulin without a rebound.
10:42 of 3rd period - Matt Duchene wins face-off versus Jarret Stoll in Kings zone.
11:10 of 3rd period - Shot by Shane Doan.
11:10 of 3rd period - Stopped by Nikolai Khabibulin without a rebound.
11:11 of 3rd period - Jason Arnott wins face-off versus Jeff Skinner in Kings zone.
11:28 of 3rd period - Icing by Johnny Boychuk.
11:29 of 3rd period - Jason Arnott wins face-off versus Jeff Skinner in Sharks zone.
11:32 of 3rd period - Shot by Sergei Samsonov.
11:32 of 3rd period - Stopped by Martin Brodeur with a rebound.
11:54 of 3rd period - Bryan Allen is hit by Jeff Skinner.
12:34 of 3rd period - Shot by Evgeny Dadonov.
12:34 of 3rd period - Stopped by Martin Brodeur with a rebound.
13:10 of 3rd period - Shot by Shane Doan.
13:10 of 3rd period - Shot Blocked by Joe Corvo.
13:16 of 3rd period - Shot by Lauri Korpikoski.
13:16 of 3rd period - Shot Misses the Net.
14:02 of 3rd period - Icing by Jarret Stoll.
14:03 of 3rd period - Jason Arnott wins face-off versus Jarret Stoll in Sharks zone.
14:03 of 3rd period - Jamie McBain is hit by Mark Stuart and loses puck.
14:31 of 3rd period - Minor Penalty to Jeff Skinner for High sticking.
14:32 of 3rd period - Eric Belanger wins face-off versus Blair Jones in Sharks zone.
14:37 of 3rd period - Shot by Joe Corvo.
14:37 of 3rd period - Stopped by Martin Brodeur without a rebound.
14:38 of 3rd period - Eric Belanger wins face-off versus Blair Jones in Sharks zone.
14:38 of 3rd period - Eric Belanger is hit by Blair Jones.
14:52 of 3rd period - Shot by Joe Corvo.
14:52 of 3rd period - Deflect By Brian Rolston.
14:52 of 3rd period - Stopped by Martin Brodeur without a rebound.
14:53 of 3rd period - Jarret Stoll wins face-off versus Jason Arnott in Sharks zone.
15:06 of 3rd period - Shot by Jason Arnott.
15:06 of 3rd period - Shot Misses the Net.
15:08 of 3rd period - Shot by Sean Bergenheim.
15:08 of 3rd period - Stopped by Martin Brodeur with a rebound.
15:12 of 3rd period - Shot by Michael Frolik.
15:12 of 3rd period - Stopped by Martin Brodeur without a rebound.
15:13 of 3rd period - Matt Duchene wins face-off versus Jarret Stoll in Sharks zone.
15:24 of 3rd period - Shot by Joe Corvo.
15:24 of 3rd period - Stopped by Martin Brodeur without a rebound.
15:25 of 3rd period - Jason Arnott wins face-off versus Eric Belanger in Sharks zone.
15:26 of 3rd period - Shot by Jamie McBain.
15:26 of 3rd period - Shot Misses the Net.
15:28 of 3rd period - Shot by Mike Lundin.
15:28 of 3rd period - Shot Blocked by Johnny Boychuk.
15:30 of 3rd period - Shot by Michael Frolik.
15:30 of 3rd period - Deflect By Jason Arnott.
15:30 of 3rd period - Shot Misses the Net.
15:32 of 3rd period - Shot by Mike Lundin.
15:32 of 3rd period - Stopped by Martin Brodeur with a rebound.
15:34 of 3rd period - Shot by Mike Lundin.
15:34 of 3rd period - Stopped by Martin Brodeur without a rebound.
15:35 of 3rd period - Jarret Stoll wins face-off versus Matt Duchene in Sharks zone.
17:38 of 3rd period - Shot by Jeff Skinner.
17:38 of 3rd period - Deflect By Tyler Ennis.
17:38 of 3rd period - Shot Misses the Net.
17:58 of 3rd period - Mike Lundin is hit by Tyler Ennis and loses puck.
18:42 of 3rd period - Off-side.
18:43 of 3rd period - Jarret Stoll wins face-off versus Jason Arnott in neutral zone.
18:52 of 3rd period - Icing by Shane Doan.
18:53 of 3rd period - Matt Duchene wins face-off versus Jarret Stoll in Sharks zone.
18:58 of 3rd period - Shot by Sergei Samsonov.
18:58 of 3rd period - Deflect By Matt Duchene.
18:58 of 3rd period - Stopped by Martin Brodeur without a rebound.
18:59 of 3rd period - Sergei Samsonov wins face-off versus Shane Doan in Sharks zone.
19:27 of 3rd period - Icing by Bryan Allen.
19:28 of 3rd period - Matt Duchene wins face-off versus Pierre-Alexandre Parenteau in Kings zone.
19:37 of 3rd period - Icing by Joe Corvo.
19:38 of 3rd period - Shane Doan wins face-off versus Matt Duchene in Kings zone.
19:49 of 3rd period - Shot by Shane Doan.
19:49 of 3rd period - Stopped by Nikolai Khabibulin with a rebound.
19:51 of 3rd period - Shot by Pierre-Alexandre Parenteau.
19:51 of 3rd period - Shot Misses the Net.

Overtime #1

0:01 of 1st overtime period - Matt Duchene wins face-off versus Tyler Ennis in neutral zone.
0:13 of 1st overtime period - Off-side.
0:14 of 1st overtime period - Jason Arnott wins face-off versus Jarret Stoll in neutral zone.
0:45 of 1st overtime period - Shot by Jason Arnott.
0:45 of 1st overtime period - Stopped by Martin Brodeur without a rebound.
0:46 of 1st overtime period - Matt Duchene wins face-off versus Tyler Ennis in Sharks zone.
0:46 of 1st overtime period - Joe Corvo is hit by Johnny Boychuk.
1:16 of 1st overtime period - Shot by Matt Duchene.
1:16 of 1st overtime period - Shot Misses the Net.
1:18 of 1st overtime period - Shot by Joe Corvo.
1:18 of 1st overtime period - Stopped by Martin Brodeur without a rebound.
1:19 of 1st overtime period - Jason Arnott wins face-off versus Jarret Stoll in Sharks zone.
1:22 of 1st overtime period - Shot by Sergei Samsonov.
1:22 of 1st overtime period - Shot Blocked by Bryan McCabe.
1:40 of 1st overtime period - Shot by Jeff Skinner.
1:40 of 1st overtime period - Shot Misses the Net.
1:48 of 1st overtime period - Shot by Jeff Skinner.
1:48 of 1st overtime period - Shot Misses the Net.
1:52 of 1st overtime period - Shot by Jeff Skinner.
1:52 of 1st overtime period - Shot Misses the Net.
2:13 of 1st overtime period - Alex Tanguay is hit by Mike Lundin and loses puck.
2:25 of 1st overtime period - Icing by Mike Lundin.
2:26 of 1st overtime period - Jarret Stoll wins face-off versus Jason Arnott in Kings zone.
4:53 of 1st overtime period - Icing by Joe Corvo.
4:54 of 1st overtime period - Jarret Stoll wins face-off versus Matt Duchene in Kings zone.
4:55 of 1st overtime period - Shot by Jeff Skinner.
4:55 of 1st overtime period - Stopped by Nikolai Khabibulin without a rebound.
4:56 of 1st overtime period - Jarret Stoll wins face-off versus Matt Duchene in Kings zone.

ShootOut

ShootOut - Penalty Shot by Jeff Skinner for Sharks.
ShootOut - Stopped by Nikolai Khabibulin.
ShootOut - Penalty Shot by Matt Duchene for Kings.
ShootOut - Shot Misses the Net.
ShootOut - Penalty Shot by Shane Doan for Sharks.
ShootOut - Shot Misses the Net.
ShootOut - Penalty Shot by Brian Rolston for Kings.
ShootOut - Stopped by Martin Brodeur.
ShootOut - Penalty Shot by Blake Comeau for Sharks.
ShootOut - Stopped by Nikolai Khabibulin.
ShootOut - Penalty Shot by Jason Arnott for Kings.
ShootOut - Goal by Jason Arnott.


Output by the SimonT Hockey Simulator (STHS) for Stephane Roy -- Original Page W3C XHTML 1.0 Valid